[Event "Queens Festival Europe 2022"]
[Site "Tornelo"]
[Date "2022.06.19"]
[Round "7.7"]
[White "Maksimovic, Suzana"]
[Black "Machlik, Edit"]
[Result "0-1"]
[ECO "A46"]
[WhiteElo "2145"]
[BlackElo "2084"]
[Annotator "NA RC"]
[PlyCount "78"]
[EventDate "2022.06.19"]
[EventType "swiss"]
[EventCountry "NET"]
[SourceTitle "playchess.com"]
[Source "ChessBase"]
[SourceQuality "1"]
[TimeControl "180+2"]

1. d4 Nf6 2. Bg5 e6 3. Nd2 h6 4. Bh4 d5 5. e3 c5 6. c3 Nc6 7. Ngf3 Be7 8. Bd3 b6 9. O-O O-O 10. Qe2 Bb7 11. Rfe1 Rc8 12. Rad1 Re8 13. dxc5 bxc5 14. e4 Qb6 15. e5 Nd7 16. Bxe7 Rxe7 17. Nf1 c4 18. Bb1 Nc5 19. Ng3 Ree8 20. Nh5 Ne7 21. Rd2 Ne4 22. Bxe4 dxe4 23. Nd4 Nf5 24. Ng3 e3 25. fxe3 Nxg3 26. hxg3 Be4 27. Qg4 Bg6 28. Rf2 Rcd8 29. Rf4 Bh7 30. Kh2 Rf8 31. Re2 Qa6 32. a3 Qb7 33. Ref2 Bg6 34. Nxe6 fxe6 35. Qxg6 Rxf4 36. gxf4 Qe7 37. g3 Rd1 38. Qe4 Ra1 39. Qxc4 Qf7 0-1

[Event "Queens Festival Europe 2022"]
[Site "Tornelo"]
[Date "2022.06.19"]
[Round "7.7"]
[White "Arora, Tashika"]
[Black "Rahimli, Izzat"]
[Result "1-0"]
[ECO "A40"]
[WhiteElo "1822"]
[BlackElo "1817"]
[Annotator "NA RC"]
[PlyCount "71"]
[EventDate "2022.06.19"]
[EventType "swiss"]
[EventCountry "NET"]
[SourceTitle "playchess.com"]
[Source "ChessBase"]
[SourceQuality "1"]
[TimeControl "180+2"]

1. d4 e6 2. c4 Bb4+ 3. Bd2 Qe7 4. Nf3 f5 5. g3 b6 6. Bg2 Bb7 7. O-O Nf6 8. Bf4 Bd6 9. Bxd6 Qxd6 10. Nc3 a6 11. a3 O-O 12. b4 Qe7 13. Rc1 c5 14. bxc5 bxc5 15. Qb3 Bc6 16. d5 exd5 17. cxd5 Bb5 18. Nxb5 axb5 19. d6+ Qe6 20. Qxe6+ dxe6 21. Ng5 Rxa3 22. Nxe6 Re8 23. Nc7 Rxe2 24. Nxb5 Raa2 25. Nc3 Rad2 26. Nxe2 Rxe2 27. Rxc5 Nbd7 28. Rc6 g6 29. h3 Kf7 30. Rd1 Ke6 31. Bf1 Rb2 32. Bc4+ Ke5 33. Bf7 Ke4 34. Rc4+ Kf3 35. Re1 Rb3 36. Rf4# 1-0

[Event "Queens Festival Europe 2022"]
[Site "Tornelo"]
[Date "2022.06.19"]
[Round "7.7"]
[White "Egger, Stefanie"]
[Black "Vukosavljevic, Tatjana"]
[Result "0-1"]
[ECO "E94"]
[WhiteElo "1700"]
[BlackElo "1758"]
[Annotator "NA RC"]
[PlyCount "70"]
[EventDate "2022.06.19"]
[EventType "swiss"]
[EventCountry "NET"]
[SourceTitle "playchess.com"]
[Source "ChessBase"]
[SourceQuality "1"]
[TimeControl "180+2"]

1. d4 Nf6 2. c4 g6 3. Nc3 Bg7 4. e4 O-O 5. Nf3 d6 6. Be2 Nbd7 7. O-O e5 8. d5 a5 9. Be3 Nh5 10. Nd2 Nc5 11. Bxh5 gxh5 12. Qxh5 Nd3 13. b3 f5 14. Bg5 Qd7 15. f3 Nf4 16. Qh4 Ng6 17. Qe1 f4 18. a3 Qf7 19. Bh4 Nxh4 20. Qxh4 Bf6 21. Qf2 Kh8 22. b4 Rg8 23. Kh1 Qh5 24. Ne2 Bh4 25. Qg1 Bh3 26. Rf2 Bxf2 27. Qxf2 Bxg2+ 28. Qxg2 Rxg2 29. Kxg2 axb4 30. a4 Rg8+ 31. Kh1 Rg6 32. Rf1 Rh6 33. Rf2 Qh4 34. Rg2 Qe1+ 35. Ng1 Rg6 0-1

[Event "Queens Festival Europe 2022"]
[Site "Tornelo"]
[Date "2022.06.19"]
[Round "7.7"]
[White "Rahimli, Ulkar"]
[Black "Farzaliyeva, Shams"]
[Result "0-1"]
[ECO "A40"]
[WhiteElo "1268"]
[BlackElo "1219"]
[Annotator "NA RC"]
[PlyCount "134"]
[EventDate "2022.06.19"]
[EventType "swiss"]
[EventCountry "NET"]
[SourceTitle "playchess.com"]
[Source "ChessBase"]
[SourceQuality "1"]
[TimeControl "180+2"]

1. d4 g6 2. Nf3 Bh6 3. Bxh6 Nxh6 4. e3 d6 5. Bd3 Nc6 6. a3 e5 7. Bc4 O-O 8. O-O Nf5 9. d5 Nce7 10. e4 Ng7 11. h3 f5 12. Ng5 h6 13. Ne6 Bxe6 14. dxe6 fxe4 15. Qg4 d5 16. Bb3 Qd6 17. Nc3 c6 18. Rad1 Qxe6 19. Qxe6+ Nxe6 20. Nxe4 Rad8 21. Ng3 Kg7 22. Rfe1 e4 23. c4 Nc5 24. Ba2 Rfe8 25. cxd5 cxd5 26. Re2 Nd3 27. Bb1 Nf4 28. Red2 Nf5 29. Nxe4 Re7 30. Nc3 d4 31. Nb5 Red7 32. Nxa7 Nd6 33. Kf1 Nc4 34. Rc2 Ne5 35. Nb5 d3 36. Rc7 Rxc7 37. Nxc7 Rd7 38. Nb5 Kf6 39. f3 Nc4 40. Kf2 Nxb2 41. Nc3 Nxd1+ 42. Nxd1 Ne6 43. Ke3 Nc5 44. g4 Re7+ 45. Kd2 Re2+ 46. Kc3 Re1 47. Kd2 Re2+ 48. Kc3 Rh2 49. Bxd3 Nxd3 50. Kxd3 Rxh3 51. Ke4 Rh1 52. Nc3 Ra1 53. Nb5 h5 54. gxh5 gxh5 55. Kf4 Kg6 56. Kg3 Rb1 57. Nd6 Rb3 58. Kf4 Rxa3 59. Nxb7 Ra4+ 60. Kg3 Kg5 61. Nc5 Ra3 62. Ne4+ Kg6 63. Kf4 h4 64. Kg4 h3 65. Kxh3 Rxf3+ 66. Kg4 Ra3 67. Ng3 Ra4+ 0-1

[Event "Queens Festival Europe 2022"]
[Site "Tornelo"]
[Date "2022.06.19"]
[Round "7.8"]
[White "Smith, Olivia"]
[Black "Ayzenberg, Alena"]
[Result "0-1"]
[ECO "C00"]
[WhiteElo "2039"]
[BlackElo "2016"]
[Annotator "NA RC"]
[PlyCount "80"]
[EventDate "2022.06.19"]
[EventType "swiss"]
[EventCountry "NET"]
[SourceTitle "playchess.com"]
[Source "ChessBase"]
[SourceQuality "1"]
[TimeControl "180+2"]

1. e4 e6 2. Qe2 c5 3. Nf3 Nc6 4. g3 g6 5. Bg2 Bg7 6. O-O Nge7 7. c3 d6 8. d3 O-O 9. a4 b6 10. Na3 Qc7 11. Nb5 Qd8 12. Bf4 e5 13. Bd2 a6 14. Na3 Qc7 15. Rac1 Qd7 16. Nc4 Rb8 17. Ne3 b5 18. axb5 axb5 19. Nh4 b4 20. f4 bxc3 21. bxc3 exf4 22. gxf4 f5 23. Nf3 fxe4 24. dxe4 Rxf4 25. Nd5 Nxd5 26. exd5 Rf8 27. dxc6 Qxc6 28. Ne5 Qc7 29. Qc4+ Kh8 30. Nf7+ Kg8 31. Nxd6+ Kh8 32. Rxf8+ Bxf8 33. Bf4 Bxd6 34. Bh6 Be5 35. Rf1 Bf5 36. Qd5 Qd6 37. Qf3 Re8 38. Kh1 Qe6 39. Bg5 Bf6 40. Bxf6+ Qxf6 0-1

[Event "Queens Festival Europe 2022"]
[Site "Tornelo"]
[Date "2022.06.19"]
[Round "7.8"]
[White "Shabanaj, Eglantina"]
[Black "Grimaldi, Angela Flavia"]
[Result "1-0"]
[ECO "D35"]
[WhiteElo "1986"]
[BlackElo "1995"]
[Annotator "NA RC"]
[PlyCount "85"]
[EventDate "2022.06.19"]
[EventType "swiss"]
[EventCountry "NET"]
[SourceTitle "playchess.com"]
[Source "ChessBase"]
[SourceQuality "1"]
[TimeControl "180+2"]

1. d4 d5 2. c4 e6 3. Nc3 Nf6 4. Nf3 Be7 5. cxd5 exd5 6. Bg5 c6 7. e3 Bf5 8. Bd3 Bxd3 9. Qxd3 h6 10. Bxf6 Bxf6 11. O-O O-O 12. Rfe1 Na6 13. a3 Nc7 14. e4 dxe4 15. Nxe4 Nd5 16. Rad1 Qb6 17. b4 Rfd8 18. Nxf6+ Nxf6 19. Ne5 a5 20. Qc4 Nd5 21. Nd3 axb4 22. axb4 Ra4 23. Rb1 Rda8 24. h3 Qd8 25. Nc5 b5 26. Qc1 Rxb4 27. Rxb4 Nxb4 28. Qf4 Nd5 29. Qf3 Qf6 30. Qd3 Nf4 31. Qe4 Nd5 32. Nd7 Qg5 33. Qc2 Rc8 34. Re5 Qd8 35. Nc5 Nf6 36. Qc3 Ra8 37. Ne4 Qd7 38. Nxf6+ gxf6 39. Rc5 Rc8 40. d5 Kg7 41. dxc6 Qd1+ 42. Kh2 Qd6+ 43. g3 1-0

[Event "Queens Festival Europe 2022"]
[Site "Tornelo"]
[Date "2022.06.19"]
[Round "7.8"]
[White "Pyun, Lindsay"]
[Black "Ismayilova, Khanim"]
[Result "0-1"]
[ECO "B33"]
[WhiteElo "1526"]
[BlackElo "1647"]
[Annotator "NA RC"]
[PlyCount "76"]
[EventDate "2022.06.19"]
[EventType "swiss"]
[EventCountry "NET"]
[SourceTitle "playchess.com"]
[Source "ChessBase"]
[SourceQuality "1"]
[TimeControl "180+2"]

1. e4 c5 2. Nf3 Nc6 3. d4 cxd4 4. Nxd4 Nf6 5. Nc3 e5 6. Ndb5 d6 7. Bg5 a6 8. Na3 b5 9. Nd5 Be7 10. Bxf6 Bxf6 11. c3 O-O 12. Bd3 Bg5 13. O-O Be6 14. f4 exf4 15. Nxf4 Ne5 16. Be2 Qb6+ 17. Kh1 Qe3 18. Nxe6 fxe6 19. Bf3 Rad8 20. Nc2 Qc5 21. Nd4 Rde8 22. Qe2 Nc4 23. Bg4 Rxf1+ 24. Rxf1 Qe5 25. Nxe6 Rxe6 26. Bxe6+ Qxe6 27. Qf3 Qe7 28. b3 Nd2 29. Qf5 Nxf1 30. Qxf1 h6 31. Qf3 Qe5 32. Qh3 Qxe4 33. Qc8+ Kh7 34. h3 Qe1+ 35. Kh2 Bf4+ 36. g3 Bxg3+ 37. Kg2 Qf2+ 38. Kh1 Qf1# 0-1

[Event "Queens Festival Europe 2022"]
[Site "Tornelo"]
[Date "2022.06.19"]
[Round "7.9"]
[White "Cassi, Elisa"]
[Black "Stewart-Bermann, Tanya"]
[Result "1-0"]
[ECO "B76"]
[WhiteElo "1999"]
[BlackElo "1863"]
[Annotator "NA RC"]
[PlyCount "53"]
[EventDate "2022.06.19"]
[EventType "swiss"]
[EventCountry "NET"]
[SourceTitle "playchess.com"]
[Source "ChessBase"]
[SourceQuality "1"]
[TimeControl "180+2"]

1. e4 c5 2. Nf3 d6 3. d4 cxd4 4. Nxd4 Nf6 5. Nc3 g6 6. Be3 Bg7 7. f3 O-O 8. Qd2 Nc6 9. O-O-O Bd7 10. g4 Rc8 11. h4 h5 12. gxh5 Nxh5 13. Be2 Ne5 14. Rdg1 Nc4 15. Bxc4 Rxc4 16. Rg5 b5 17. f4 b4 18. Nd5 e6 19. b3 Rxd4 20. Bxd4 exd5 21. Bxg7 Kxg7 22. Qg2 Qf6 23. Rxh5 Qxf4+ 24. Kb1 dxe4 25. Rg5 Bf5 26. Rf1 Qe3 27. Rgxf5 1-0

[Event "Queens Festival Europe 2022"]
[Site "Tornelo"]
[Date "2022.06.19"]
[Round "7.9"]
[White "Jafarova, Aysel"]
[Black "Rashidova, Nargiz"]
[Result "1-0"]
[ECO "A41"]
[WhiteElo "1481"]
[BlackElo "1341"]
[Annotator "NA RC"]
[PlyCount "71"]
[EventDate "2022.06.19"]
[EventType "swiss"]
[EventCountry "NET"]
[SourceTitle "playchess.com"]
[Source "ChessBase"]
[SourceQuality "1"]
[TimeControl "180+2"]

1. d4 d6 2. c4 e5 3. d5 f5 4. Nc3 Nf6 5. e3 Be7 6. Bd3 c6 7. dxc6 bxc6 8. e4 f4 9. f3 Nh5 10. Nge2 Bh4+ 11. Kd2 Qb6 12. Kc2 Na6 13. a3 Nc5 14. b4 Nd7 15. Rf1 a5 16. Na4 Qb7 17. Kc3 axb4+ 18. axb4 Nb6 19. Bb2 Nxa4+ 20. Rxa4 O-O 21. Rxa8 Qxa8 22. Qa1 Qb7 23. Qa5 Be6 24. Ra1 d5 25. Qa6 Be1+ 26. Kc2 Rb8 27. Qxb7 Rxb7 28. Ra8+ Kf7 29. cxd5 cxd5 30. Bxe5 Rxb4 31. Bd6 d4 32. Rf8+ Kg6 33. e5+ Kh6 34. Bxb4 Bxb4 35. Re8 Bf7 36. Rb8 1-0

[Event "Queens Festival Europe 2022"]
[Site "Tornelo"]
[Date "2022.06.19"]
[Round "7.10"]
[White "Sainbayar, Anuurai"]
[Black "Tani, Selina"]
[Result "1-0"]
[ECO "A00"]
[WhiteElo "1512"]
[BlackElo "1146"]
[Annotator "NA RC"]
[PlyCount "145"]
[EventDate "2022.06.19"]
[EventType "swiss"]
[EventCountry "NET"]
[SourceTitle "playchess.com"]
[Source "ChessBase"]
[SourceQuality "1"]
[TimeControl "180+2"]

1. b4 e5 2. Bb2 Nc6 3. b5 Nd4 4. e3 Nf5 5. Bxe5 Bc5 6. Bxg7 Nxg7 7. Qg4 Ne6 8. Bc4 Nf6 9. Qf5 d6 10. Qf3 d5 11. Bb3 Ne4 12. d3 Nf6 13. Nc3 Bb4 14. Nge2 a6 15. bxa6 Rxa6 16. O-O c5 17. Nxd5 Nxd5 18. Bxd5 Rd6 19. Bc4 Rg8 20. Nf4 Qe7 21. a3 Ba5 22. Bb5+ Bd7 23. Qxb7 Bxb5 24. Qxb5+ Qd7 25. Qb8+ Qd8 26. Qb5+ Qd7 27. Qxa5 Nxf4 28. exf4 Qe6 29. Qa8+ Rd8 30. Qe4 Qxe4 31. dxe4 Rd2 32. Rfd1 Rxc2 33. Rac1 Rxc1 34. Rxc1 Rg4 35. Rxc5 Rxf4 36. f3 Rf6 37. a4 Ra6 38. a5 Kd7 39. Kf2 Kd6 40. Rf5 Ke6 41. Ke3 f6 42. Kd3 Rd6+ 43. Kc4 Ra6 44. Kb5 Ra8 45. a6 Ke7 46. Kb6 Kd7 47. Kb7 Rf8 48. a7 Ke6 49. a8=Q Rxa8 50. Kxa8 Ke7 51. Kb7 Ke6 52. Kc6 h6 53. Kc5 Ke7 54. Rh5 Ke6 55. Rxh6 Kf7 56. Kd4 Kg7 57. Rh5 Kg6 58. Rd5 f5 59. exf5+ Kf6 60. g4 Kf7 61. h4 Kf8 62. h5 Ke8 63. Rd6 Ke7 64. Ke5 Kf7 65. f6 Ke8 66. g5 Kf8 67. g6 Ke8 68. f7+ Kf8 69. h6 Ke7 70. Re6+ Kd7 71. f8=Q Kc7 72. Qf7+ Kb8 73. Re8# 1-0

[Event "Queens Festival Europe 2022"]
[Site "Tornelo"]
[Date "2022.06.19"]
[Round "7.12"]
[White "Ismayilova, Salbinaz"]
[Black "Kusova, Nikola"]
[Result "1-0"]
[ECO "C28"]
[WhiteElo "1090"]
[BlackElo "1250"]
[Annotator "NA RC"]
[PlyCount "93"]
[EventDate "2022.06.19"]
[EventType "swiss"]
[EventCountry "NET"]
[SourceTitle "playchess.com"]
[Source "ChessBase"]
[SourceQuality "1"]
[TimeControl "180+2"]

1. e4 e5 2. Nf3 Nf6 3. Nc3 Bb4 4. Bc4 O-O 5. d3 Nc6 6. Bg5 d6 7. h3 Re8 8. O-O Bxc3 9. bxc3 Be6 10. Bb3 Qe7 11. Nd2 Rad8 12. f4 b5 13. f5 Bxb3 14. Nxb3 d5 15. exd5 Rxd5 16. Qf3 e4 17. dxe4 Qxe4 18. Bxf6 Qxf3 19. Rxf3 gxf6 20. Rg3+ Kh8 21. Rf1 Ree5 22. Rgf3 a5 23. Nc1 Rd2 24. R1f2 Rd1+ 25. Rf1 Ree1 26. Rxe1 Rxe1+ 27. Rf1 Re2 28. Nxe2 Ne5 29. Nd4 b4 30. cxb4 axb4 31. Rb1 c5 32. Ne2 Nc4 33. c3 Nd2 34. Rb2 Nc4 35. Rb1 Nd2 36. Rd1 Ne4 37. cxb4 cxb4 38. Rb1 Nd6 39. Rxb4 Nxf5 40. Nf4 Ne3 41. Nh5 h6 42. Nxf6 Kg7 43. Ne4 Nc2 44. Rb2 Ne3 45. a4 Nc4 46. Rb4 Nd6 47. Nxd6 1-0

[Event "Queens Festival Europe 2022"]
[Site "Tornelo"]
[Date "2022.06.19"]
[Round "7.18"]
[White "Malaieru, Alexandra-Gabriela"]
[Black "Jithendra, Raina"]
[Result "1-0"]
[ECO "C50"]
[WhiteElo "1129"]
[BlackElo "1306"]
[Annotator "NA RC"]
[PlyCount "69"]
[EventDate "2022.06.19"]
[EventType "swiss"]
[EventCountry "NET"]
[SourceTitle "playchess.com"]
[Source "ChessBase"]
[SourceQuality "1"]
[TimeControl "180+2"]

1. e4 e5 2. Nf3 Nc6 3. Bc4 Bc5 4. d3 Nf6 5. O-O d6 6. h3 h6 7. Nc3 O-O 8. Be3 Bb6 9. d4 exd4 10. Nxd4 Nxd4 11. Bxd4 c6 12. e5 dxe5 13. Bxe5 Qxd1 14. Raxd1 Nd7 15. Bd6 Re8 16. Rfe1 Nf6 17. Rxe8+ Nxe8 18. Bg3 Bf5 19. Bd3 Bxd3 20. Rxd3 Nf6 21. Be5 Re8 22. Bxf6 Re1+ 23. Kh2 gxf6 24. Rg3+ Kh7 25. Rf3 Bc7+ 26. g3 Rc1 27. Rxf6 Rxc2 28. Rxf7+ Kg6 29. Rxc7 Rxf2+ 30. Kg1 Rxb2 31. Ne4 Rb1+ 32. Kf2 Rb2+ 33. Kf3 Rxa2 34. Rxb7 Ra3+ 35. Kf4 1-0

[Event "Queens Festival Europe 2022"]
[Site "Tornelo"]
[Date "2022.06.19"]
[Round "8.1"]
[White "Gueci, Tea"]
[Black "Okuyaz, Duru"]
[Result "1/2-1/2"]
[ECO "C10"]
[WhiteElo "2248"]
[BlackElo "2090"]
[Annotator "TA"]
[PlyCount "94"]
[EventDate "2022.06.19"]
[EventType "swiss"]
[EventCountry "NET"]
[SourceTitle "playchess.com"]
[Source "ChessBase"]
[SourceQuality "1"]
[TimeControl "180+2"]

1. e4 e6 2. d4 d5 3. Nd2 dxe4 4. Nxe4 Nd7 5. Nf3 Ngf6 6. Nxf6+ Nxf6 7. Bd3 c5 8. dxc5 Bxc5 9. O-O {[%emt 0:00:02] 9.Qe2 gains popularity.} O-O 10. h3 {[%emt 0:00:01] C10: French with 3 Nc3: Unusual Black 3rd moves and 3...dxe4.} b6 11. Qe2 Bb7 {[%emt 0:00:01] [#]} 12. c3 $146 ({Predecessor:} 12. Ne5 Qd5 13. Nf3 Qh5 14. Bf4 Bxf3 15. Qxf3 Qxf3 16. gxf3 Nd5 17. Bg3 Rad8 {0-1 (41) Alavkin,A (2401)-Mokshanov,A (2421) Samara 2012}) 12... Qc7 13. Bg5 Be7 (13... Nh5 $5 14. Rfd1 h6 $15) 14. Rad1 Nd5 15. Qe4 {[%emt 0:00:23][%csl Gd3][%cal Re4h7] [#]} g6 $1 16. Qh4 Bxg5 17. Nxg5 h5 18. Be4 Nf6 19. Bxb7 Qxb7 20. Qf4 Kg7 21. Rfe1 {[%emt 0:00:04] aiming for Qe5.} Rad8 22. Rd6 Rxd6 23. Qxd6 Qd5 24. Qg3 (24. Qxd5 $11 Nxd5 25. a3) 24... Rd8 $17 25. a3 {[%emt 0:00:16] [#]} Qd2 $1 26. Qe5 Rd5 27. Qxf6+ Kxf6 28. Ne4+ Ke7 29. Nxd2 Rxd2 {[%emt 0:00:01][%mdl 4096] Endgame KR-KR} 30. Rb1 Kd6 31. Kf1 Kc5 32. b3 (32. Ke1 $17 Rc2 33. Rd1) 32... Rc2 $19 33. c4 Kd4 $2 (33... Ra2 $19 34. Re1 Rxa3 35. Re5+ Kd4) 34. Rd1+ $1 $15 Kc3 35. Rd7 Kxb3 {[%emt 0:00:21] ...a5 is the strong threat.} 36. Rxa7 Rxc4 37. Rb7 Rf4 ({Better is} 37... Rc6 $17 38. Rxf7 Kxa3) 38. Rxb6+ $11 {[%emt 0:00:04] The position is equal.} Kxa3 39. Ke2 Rb4 40. Ra6+ Kb3 41. Ra7 Rf4 42. Ke3 Rf5 43. Rc7 Re5+ 44. Kd2 Rd5+ 45. Ke3 Re5+ 46. Kd2 Rf5 47. Ke3 Re5+ {[%emt 0:00:01] Whites escaped into a draw.  Weighted Error Value: White=0.13 (very precise) /Black=0.14 (very precise)} 1/2-1/2

[Event "Queens Festival Europe 2022"]
[Site "Tornelo"]
[Date "2022.06.19"]
[Round "8.1"]
[White "Vujcic, Milena"]
[Black "Mdivani, Maka"]
[Result "1-0"]
[ECO "B42"]
[WhiteElo "1987"]
[BlackElo "1901"]
[Annotator "NA RC"]
[PlyCount "67"]
[EventDate "2022.06.19"]
[EventType "swiss"]
[EventCountry "NET"]
[SourceTitle "playchess.com"]
[Source "ChessBase"]
[SourceQuality "1"]
[TimeControl "180+2"]

1. e4 c5 2. Nf3 e6 3. d4 cxd4 4. Nxd4 a6 5. Bd3 Nc6 6. Nxc6 bxc6 7. c4 d5 8. Nc3 d4 9. Na4 Bb4+ 10. Bd2 Qa5 11. b3 Nf6 12. Bxb4 Qxb4+ 13. Qd2 Qxd2+ 14. Kxd2 e5 15. g3 Bg4 16. f4 exf4 17. gxf4 O-O 18. e5 Nd7 19. Rhg1 Bh5 20. Be4 Rac8 21. Bf5 Rcd8 22. Bxd7 Rxd7 23. Raf1 Re8 24. Nc5 Ra7 25. Kd3 Rd8 26. f5 a5 27. Rg5 g6 28. Ne4 Kg7 29. Nf6 Kh6 30. Rfg1 Re7 31. Nxh5 gxh5 32. f6 Ree8 33. Rf5 c5 34. Rgg5 1-0

[Event "Queens Festival Europe 2022"]
[Site "Tornelo"]
[Date "2022.06.19"]
[Round "8.1"]
[White "Rybackova, Lucie"]
[Black "Vicze, Zsofia"]
[Result "1/2-1/2"]
[ECO "D36"]
[WhiteElo "1696"]
[BlackElo "1749"]
[Annotator "NA RC"]
[PlyCount "207"]
[EventDate "2022.06.19"]
[EventType "swiss"]
[EventCountry "NET"]
[SourceTitle "playchess.com"]
[Source "ChessBase"]
[SourceQuality "1"]
[TimeControl "180+2"]

1. d4 d5 2. c4 e6 3. Nc3 Nf6 4. cxd5 exd5 5. Bg5 c6 6. Qc2 Nbd7 7. Nf3 Bd6 8. e3 O-O 9. Bd3 h6 10. Bh4 Re8 11. O-O Nf8 12. a3 Bg4 13. Nd2 Be7 14. b4 N6d7 15. Bxe7 Qxe7 16. Na4 Rac8 17. Nc5 Nxc5 18. Qxc5 a6 19. Rab1 Nd7 20. Qxe7 Rxe7 21. Nb3 g6 22. Nc5 Nxc5 23. bxc5 Rb8 24. Bxa6 Ra8 25. Bxb7 Rxa3 26. Bxc6 Be6 27. Rb8+ Kg7 28. Rd8 Bg4 29. Bxd5 Be2 30. Re1 h5 31. h3 Bb5 32. Bf3 Rd3 33. Be2 Rb3 34. Bxb5 Rxb5 35. c6 Rb4 36. d5 Rc7 37. Rc1 Rb6 38. e4 Kf6 39. Rd7 Rxd7 40. cxd7 Ke7 41. Rc6 Rb1+ 42. Kh2 Kxd7 43. Rf6 Ke7 44. e5 Re1 45. d6+ Ke8 46. f4 g5 47. g3 Re2+ 48. Kg1 h4 49. gxh4 gxf4 50. Rf5 f3 51. h5 Re4 52. Kf2 Rh4 53. Kxf3 Rxh3+ 54. Kg4 Rh1 55. Rf6 Rg1+ 56. Kf4 Rg2 57. h6 Rg1 58. h7 Rh1 59. d7+ Kxd7 60. Rxf7+ Ke6 61. Rg7 Rh2 62. Ra7 Rh1 63. Kg5 Kxe5 64. Kg6 Ke6 65. Ra8 Rg1+ 66. Kh5 Rh1+ 67. Kg6 Rg1+ 68. Kh6 Rh1+ 69. Kg5 Rg1+ 70. Kh6 Rh1+ 71. Kg7 Rg1+ 72. Kh8 Kf7 73. Ra7+ Kf6 74. Rd7 Rg2 75. Rd4 Rg1 76. Rf4+ Ke7 77. Rf5 Rg2 78. Re5+ Kf7 79. Ra5 Rg1 80. Ra8 Kf6 81. Rg8 Rh1 82. Rf8+ Ke7 83. Rf5 Rg1 84. Rh5 Rg2 85. Rh6 Rg1 86. Ra6 Kf7 87. Ra7+ Kf8 88. Rb7 Rg2 89. Rc7 Rg1 90. Rd7 Rg2 91. Rd8+ Kf7 92. Rg8 Rh2 93. Rg3 Rh1 94. Rg4 Rh2 95. Rg3 Rh1 96. Rg2 Rh3 97. Rf2+ Ke7 98. Kg7 Rg3+ 99. Kh6 Rh3+ 100. Kg6 Rg3+ 101. Kf5 Rh3 102. Kg6 Rg3+ 103. Kh5 Rh3+ 104. Kg6 1/2-1/2

[Event "Queens Festival Europe 2022"]
[Site "Tornelo"]
[Date "2022.06.19"]
[Round "8.2"]
[White "Ibrahimova, Sabina"]
[Black "Ismayil, Malak"]
[Result "0-1"]
[ECO "C45"]
[WhiteElo "2146"]
[BlackElo "2001"]
[Annotator "NA RC"]
[PlyCount "66"]
[EventDate "2022.06.19"]
[EventType "swiss"]
[EventCountry "NET"]
[SourceTitle "playchess.com"]
[Source "ChessBase"]
[SourceQuality "1"]
[TimeControl "180+2"]

1. e4 e5 2. Nf3 Nc6 3. d4 exd4 4. Nxd4 Bc5 5. Nb3 Bb6 6. Nc3 d6 7. Qe2 Be6 8. Bd2 Qd7 9. O-O-O O-O-O 10. Be3 f6 11. Nc5 Bxc5 12. Bxc5 Qf7 13. Be3 Nge7 14. f4 f5 15. g4 g6 16. h3 fxe4 17. Nxe4 h6 18. Bg2 Nd5 19. Rhf1 Ndb4 20. b3 Nxa2+ 21. Kb2 Nab4 22. c4 Na6 23. f5 gxf5 24. gxf5 Bxf5 25. Ng3 Qg7+ 26. Ka3 Qxg3 27. Rxf5 Rhe8 28. Rf3 Qe5 29. Qd2 Nab4 30. Qd3 Qa5+ 31. Kb2 Nxd3+ 32. Rxd3 Ne5 33. Rd5 Qxd5 0-1

[Event "Queens Festival Europe 2022"]
[Site "Tornelo"]
[Date "2022.06.19"]
[Round "8.2"]
[White "Sava, Ana-Maria"]
[Black "Mammadova, Aysel"]
[Result "0-1"]
[ECO "C65"]
[WhiteElo "1916"]
[BlackElo "1893"]
[Annotator "NA RC"]
[PlyCount "67"]
[EventDate "2022.06.19"]
[EventType "swiss"]
[EventCountry "NET"]
[SourceTitle "playchess.com"]
[Source "ChessBase"]
[SourceQuality "1"]
[TimeControl "180+2"]

1. e4 e5 2. Nf3 Nc6 3. Bb5 Nf6 4. O-O Bc5 5. Bxc6 dxc6 6. Nc3 Qe7 7. h3 O-O 8. a3 Bd7 9. Re1 Rad8 10. Qe2 Nh5 11. d3 g6 12. Bh6 Ng7 13. Rad1 f5 14. exf5 Rxf5 15. d4 Bb6 16. Qc4+ Be6 17. d5 cxd5 18. Nxd5 Qf7 19. Nxb6 Rxd1 20. Rxd1 Bxc4 21. Rd8+ Ne8 22. Nxc4 Qxc4 23. Rxe8+ Kf7 24. Nxe5+ Rxe5 25. Rxe5 Qxc2 26. Bg5 Qxb2 27. Re7+ Kf8 28. Rxc7 Qa1+ 29. Kh2 Qe5+ 30. g3 Qxc7 31. Bf4 Qc2 32. Kg2 b5 33. Bd6+ Kf7 34. Bb4 0-1

[Event "Queens Festival Europe 2022"]
[Site "Tornelo"]
[Date "2022.06.19"]
[Round "8.2"]
[White "Subramanian, Anusha"]
[Black "Stadlinger, Lea"]
[Result "0-1"]
[ECO "D35"]
[WhiteElo "1671"]
[BlackElo "1723"]
[Annotator "NA RC"]
[PlyCount "140"]
[EventDate "2022.06.19"]
[EventType "swiss"]
[EventCountry "NET"]
[SourceTitle "playchess.com"]
[Source "ChessBase"]
[SourceQuality "1"]
[TimeControl "180+2"]

1. d4 d5 2. c4 e6 3. Nc3 Nf6 4. cxd5 exd5 5. Bg5 c6 6. Nf3 Bf5 7. e3 Be7 8. Bd3 Bxd3 9. Qxd3 O-O 10. O-O Nbd7 11. a3 Ne4 12. Nxe4 dxe4 13. Bxe7 Qxe7 14. Qe2 exf3 15. Qxf3 Nf6 16. b4 Qe4 17. Qe2 Rad8 18. Rac1 Rxd4 19. Rfe1 Rd7 20. Rc4 Qe6 21. e4 Rfd8 22. e5 Nd5 23. Rh4 Nb6 24. Qe4 g6 25. Qf3 Rd3 26. Qe2 Rxa3 27. f4 Rad3 28. Rf1 Rd2 29. Qf3 R8d3 30. Qe4 Qd5 31. Qxd5 Rxd5 32. f5 Rxe5 33. f6 Nd5 34. Rg4 Re6 35. b5 Rxf6 36. bxc6 Rxf1+ 37. Kxf1 bxc6 38. Rg3 a5 39. Ra3 Nb4 40. Rxa5 Rc2 41. Ra4 c5 42. Ra8+ Kg7 43. Rc8 Nd3 44. h4 c4 45. g4 c3 46. Rd8 Ne5 47. Rd5 Nxg4 48. Rd4 Ne3+ 49. Ke1 Nf5 50. Rc4 h6 51. Kd1 Rh2 52. Rxc3 Rxh4 53. Rf3 Rh2 54. Ke1 h5 55. Kf1 Kf6 56. Kg1 Ra2 57. Rf4 g5 58. Rb4 Kg6 59. Rb6+ f6 60. Rb3 g4 61. Rc3 Kg5 62. Rb3 h4 63. Rc3 g3 64. Rb3 Ng7 65. Rc3 f5 66. Rb3 Kg4 67. Rb4+ f4 68. Rb3 h3 69. Rc3 Ra1+ 70. Rc1 Rxc1# 0-1

[Event "Queens Festival Europe 2022"]
[Site "Tornelo"]
[Date "2022.06.19"]
[Round "8.2"]
[White "Valiyeva, Asnad"]
[Black "Aydogan, Arya"]
[Result "1-0"]
[ECO "D02"]
[WhiteElo "1237"]
[BlackElo "1409"]
[Annotator "NA RC"]
[PlyCount "167"]
[EventDate "2022.06.19"]
[EventType "swiss"]
[EventCountry "NET"]
[SourceTitle "playchess.com"]
[Source "ChessBase"]
[SourceQuality "1"]
[TimeControl "180+2"]

1. d4 d5 2. Bf4 Bf5 3. e3 e6 4. Nf3 Nf6 5. c3 c6 6. Nbd2 Bd6 7. Bg3 O-O 8. Be2 Re8 9. Ne5 Bc7 10. O-O Nbd7 11. f4 Ne4 12. Nxe4 Bxe4 13. Bd3 Bxd3 14. Qxd3 f5 15. Qe2 Nf6 16. Bh4 Qe7 17. Qf3 Qf8 18. Bxf6 Qxf6 19. Qg3 Bxe5 20. fxe5 Qe7 21. Kh1 Rac8 22. Qh3 Qf7 23. g4 g6 24. Rf2 Kh8 25. Rg1 Rg8 26. Qh4 Rcf8 27. g5 Qg7 28. Rg3 Rc8 29. Rh3 Rgf8 30. Qh6 Qxh6 31. Rxh6 Kg7 32. Rh3 Rf7 33. Rg3 c5 34. h4 Rfc7 35. Rh2 b6 36. h5 Rh8 37. Rgh3 Rcc8 38. Kg2 Rcd8 39. Kg3 Rc8 40. Kf4 Rcd8 41. h6+ Kf7 42. Rh1 Rhe8 43. R3h2 Rc8 44. Rd1 Re7 45. Kf3 c4 46. Ra1 a6 47. Rd2 Rb7 48. Ke2 Rcb8 49. b3 b5 50. Rc2 Ke7 51. Kd2 Kd7 52. b4 Kc6 53. a4 Rb6 54. Rca2 R6b7 55. axb5+ axb5 56. Ra6+ Rb6 57. Ra7 R6b7 58. R1a6+ Kd7 59. Rxb7+ Rxb7 60. Ra8 Kc7 61. Kc2 Kc6 62. Kb2 Kc7 63. Re8 Kd7 64. Rh8 Kc6 65. Rg8 Ra7 66. Rg7 Ra8 67. Rxh7 Rg8 68. Rg7 Rh8 69. Rxg6 Kd7 70. Rg7+ Ke8 71. Rb7 Rg8 72. h7 Rf8 73. g6 f4 74. Rb8+ Ke7 75. Rxf8 Kxf8 76. h8=Q+ Ke7 77. exf4 Kd7 78. Qg7+ Kd8 79. Qf8+ Kd7 80. g7 Kc7 81. Qe7+ Kb6 82. Qd6+ Kb7 83. g8=Q Ka7 84. Qgb8# 1-0